 Dungeon Crawl Stone Soup version 0.32-a0-893-gf85d74f360 (webtiles) character file.

Game seed: 582592868859397590

581 DEFE the Chopper (level 7, 0/52 HPs)
             Began as a Coglin Fighter on Apr 3, 2024.
             Was an Initiate of Okawaru.
             Slain by Duvessa
             ... wielding a +1 short sword of venom
              (8 damage)
             ... on level 4 of the Dungeon.
             The game lasted 00:02:32 (3083 turns).

DEFE the Chopper (Coglin Fighter)                   Turns: 3083, Time: 00:02:32

Health: 0/52       AC:  7    Str: 18    XL:     7   Next: 36%
Magic:  8/9        EV: 10    Int:  8    God:    Okawaru [......]
Gold:   214        SH:  0    Dex: 13    Spells: 6/6 levels left

rFire   . . .        a - +0 war axe {Hans}
rCold   . . .        e - +0 hand axe {Teicuih}
rNeg    . . .        q - +2 leather armour {rPois}
rPois   +            t - +0 helmet
rElec   .            i - +0 cloak
rCorr   .            (no gloves)
SInv    .            (no boots)
Will    .....        (amulet unavailable)
Stlth   +            (ring unavailable)
HPRegen 0.28/turn    (ring unavailable)
MPRegen 0.11/turn    (no gizmo)

%: no passive effects
@: mighty, lethally poisoned (0 -> -20), revved
A: off-hand wielding, slow wielding, warmup strikes, no jewellery
a: Invent Gizmo, Renounce Religion


You were on level 4 of the Dungeon.
You worshipped Okawaru.
Okawaru was noncommittal.
You visited 1 branch of the dungeon, and saw 4 of its levels.

You collected 214 gold pieces.

Inventory:

Hand Weapons
 a - a +0 war axe (weapon) {Hans}
 e - a +0 hand axe (offhand) {Teicuih}
Armour
 b - a +0 scale mail
 c - a +0 buckler
 i - a +0 cloak (worn)
 q - a +2 leather armour of poison resistance (worn)
 t - a +0 helmet (worn)
Wands
 n - a wand of polymorph (7)
Scrolls
 h - 2 scrolls of fear
 o - a scroll of noise
 p - a scroll of enchant armour
 r - a scroll of revelation
Potions
 f - 2 potions of ambrosia {unknown}
 g - 3 potions of brilliance {unknown}
 j - a potion of lignification {unknown}
 k - a potion of enlightenment {unknown}
 l - a potion of berserk rage {unknown}
 m - a potion of mutation {unknown}
 s - 2 potions of invisibility {unknown}


   Skills:
 - Level 3.0 Fighting
 + Level 7.0 Axes
 - Level 2.6 Armour
 - Level 2.1 Shields
 + Level 2.7 Invocations


You had 6 spell levels left.
You didn't know any spells.
Your spell library was empty.

Dungeon Overview and Level Annotations

Branches:
Dungeon (4/15)
 Temple: D:4-7

Altars:
Okawaru
Vehumet

Shops:
D:1 :

Annotations:
D:4 exclusion: statue, Duvessa


Innate Abilities, Weirdness & Mutations

You can wield a second weapon in your off-hand.
It takes a long time for you to wield or remove held weapons.
Your first few attacks do less damage.
You cannot equip rings or amulets.


Message History

You barely miss Dowan with your +0 war axe.
You hit Duvessa with your +0 war axe. Dowan hits you but does no damage.
Duvessa hits you with a +1 short sword of venom.
Unknown command.
Okay, then.
Okay, then.
You hit Duvessa with your +0 hand axe.
Duvessa is lightly wounded.
You hit Dowan with your +0 hand axe. You hit Duvessa but do no damage.
You hit Dowan with your +0 war axe. Dowan barely misses you.
Duvessa hits you with a +1 short sword of venom!
You are poisoned.
Unknown command.
Unknown command.
You feel very mighty all of a sudden.
You feel sick. Dowan gestures at you while chanting.
The puff of flame misses you.
Duvessa hits you with a +1 short sword of venom.
Unknown command.
You slash Duvessa with your +0 war axe!
Duvessa is heavily wounded.
You hit Dowan with your +0 war axe.
You kill Dowan!
Okawaru accepts your kill.
Duvessa screams in rage.
Duvessa goes berserk!
You slash Duvessa with your +0 hand axe!
You feel sick.
Duvessa hits you with a +1 short sword of venom!
* * * LOW HITPOINT WARNING * * *
You are lethally poisoned!
Your Axes skill increases to level 7!
You barely miss Duvessa with your +0 hand axe.
Duvessa is severely wounded.
You hit Duvessa with your +0 war axe.
* * * LOW HITPOINT WARNING * * *
You feel extremely sick.
Duvessa hits you with a +1 short sword of venom!
You die...

##.### #....#
##+####### #....#
#......... #....#
#......... +....#
#......... #....#
#.^....... #....#
#.........
###+#)e..##+##..###+##
#....@#+###.##..##..##
#.....#.......†..#....
#.....#..........#....
#.....#..........#....
#.....#####'##########
######..........##....
#..........#.....
#..........#.....
#..........#.....


You could see Duvessa (berserk).

Vanquished Creatures
  Sigmund (D:2)
  A centaur (D:4)
  Dowan (D:4)
  A bombardier beetle (D:4)
  A jelly (D:3)
  Natasha (twice) (D:3)
  Robin (D:4)
  3 adders
  A gnoll (D:1)
  3 ribbon worms
  3 dart slugs
  6 orcs
  6 ball pythons
  12 endoplasms
  4 giant cockroaches
  21 goblins
  6 hobgoblins
  6 quokkas
  8 bats
  2 frilled lizards (D:3)
  7 kobolds
  3 rats
99 creatures vanquished.

Notes
Turn   | Place    | Note
-------+----------+-------------------------------------------
     0 | D:1      | DEFE the Coglin Fighter began the quest for the Orb.
     0 | D:1      | Reached XP level 1. HP: 18/18 MP: 1/1
    32 | D:1      | Found Gijaunk's Book Boutique.
   175 | D:1      | Reached XP level 2. HP: 20/24 MP: 2/2
   322 | D:1      | Reached skill level 3 in Axes
   584 | D:1      | Reached XP level 3. HP: 29/29 MP: 3/3
  1012 | D:2      | Found an iron altar of Okawaru.
  1012 | D:2      | Noticed Sigmund
  1035 | D:2      | Killed Sigmund
  1036 | D:2      | Reached skill level 5 in Axes
  1036 | D:2      | Reached XP level 4. HP: 9/35 MP: 4/4
  1036 | D:2      | Reached XP level 5. HP: 10/41 MP: 5/5
  1160 | D:2      | Became a worshipper of Warmaster Okawaru
  1445 | D:2      | Reached skill level 6 in Axes
  1503 | D:2      | Reached XP level 6. HP: 45/47 MP: 6/6
  1829 | D:3      | Noticed Natasha
  1835 | D:3      | Killed Natasha
  1836 | D:3      | Reached skill level 1 in Invocations
  1859 | D:3      | Noticed Natasha
  1865 | D:3      | Killed Natasha
  2441 | D:4      | Reached XP level 7. HP: 35/52 MP: 8/8
  2690 | D:4      | Noticed Robin
  2703 | D:4      | Killed Robin
  2816 | D:4      | Found a radiant altar of Vehumet.
  3073 | D:4      | Noticed Duvessa
  3074 | D:4      | Noticed Dowan
  3082 | D:4      | Killed Dowan
  3083 | D:4      | Reached skill level 7 in Axes
  3083 | D:4      | Slain by Duvessa

Illustrated notes

Levels and vault maps discovered:
D:1:      tarquinn_simple_flora_water_a, layout_basic, serial_shops, shop_coins
D:2:      layout_loops_cross, basic_altar, serial_park_tiny_1, uniq_sigmund
D:3:      minmay_razor_zed, layout_basic, uniq_natasha
D:4:      layout_gridville, vehumet_statue, minivault_25, uniq_duvessa,
          uniq_robin

Skill      XL: |  1  2  3  4  5  6  7 |
---------------+----------------------+-----
Axes           | 3 5 6 7 |  7.0
Invocations    | 2 |  2.7
Fighting       | |  3.0
Armour         | |  2.6
Shields        | |  2.1

Action                     |  1- 3 |  4- 6 |  7- 9 || total
---------------------------+-------+-------+-------++-------
  Melee: War axe           |    42 |    59 |    31 ||   132
         Hand axe          |    33 |    53 |    28 ||   114
         Unarmed           |    19 |       |       ||    19
    Use: Scroll            |       |     4 |       ||     4
         Potion            |       |       |     1 ||     1
 Armour: Scale mail        |    35 |    10 |       ||    45
         Skin              |     6 |       |       ||     6
         Leather armour    |       |    42 |    25 ||    67
  Dodge: Dodged            |    20 |    44 |    22 ||    86

Table legend: (Time is in decaauts)
 A = Elapsed time spent in this place.
 B = Non-inter-level travel time spent in this place.
 C = Inter-level travel time spent in this place.
 D = Time resting spent in this place.
 E = Time spent auto-exploring this place.
 F = Levels seen in this place.
 G = Mean time per level.
                   A        B        C        D        E       F      G
               +--------+--------+--------+--------+--------+-----+--------+
         Total |   3106 |   3052 |     54 |    325 |   2209 |   4 |  776.5 |
       Dungeon |   3106 |   3052 |     54 |    325 |   2209 |   4 |  776.5 |
               +--------+--------+--------+--------+--------+-----+--------+

Top non-repeatable levels by time:
     D:1: 936 daAuts
     D:2: 785 daAuts
     D:4: 697 daAuts
     D:3: 686 daAuts
